[Event "Titled Tuesday Blitz November 29 Early 2022"]
[White "Samaganova, Aleksandra"]
[Black "Ronka, Erik"]
[WhiteFideId "13800221"]
[BlackFideId "505080"]
[WhiteElo "1864"]
[BlackElo "2264"]
[Result "0-1"]
[Round "07"]
[TimeControl "180+1"]
[Date "2022.11.30"]
[WhiteClock "0:00:02"]
[BlackClock "0:00:03"]

1. c4 Nf6 2. Nc3 e6 3. e4 c5 4. Nf3 d6 5. d4 cxd4 6. Nxd4 g6 7. Be3 Bg7 8. Be2 O-O 9. O-O a6 10. Rc1 b6 11. f3 Bb7 12. Qd2 Nbd7 13. Rfd1 Qc7 14. Bh6 Ne5 15. b3 Rfe8 16. Bxg7 Kxg7 17. Qe3 Rad8 18. h3 Qb8 19. Na4 Ba8 20. Nc2 b5 21. cxb5 axb5 22. Nc3 b4 23. Na4 d5 24. exd5 Nxd5 25. Qf2 Kg8 26. Nd4 Rc8 27. Nb5 Rxc1 28. Rxc1 Rc8 29. Qe1 Nf4 30. Bf1 Bc6 31. Nd4 Bxa4 32. Rxc8+ Qxc8 33. Qxe5 Nd5 34. bxa4 Qa8 35. Bb5 Qa7 36. Kh2 Qc5 37. Qb8+ Kg7 38. Qe5+ Kg8 39. Nc6 Qc2 0-1


[Site "https://www.chess.com"]

[Event "Titled Tuesday Blitz November 29 Early 2022"]
[White "Sarana, Alexey"]
[Black "Shipov, Sergei"]
[WhiteFideId "24133795"]
[BlackFideId "4113624"]
[WhiteElo "2708"]
[BlackElo "2810"]
[Result "1-0"]
[Round "07"]
[TimeControl "180+1"]
[Date "2022.11.30"]
[WhiteClock "0:00:04"]
[BlackClock "0:00:05"]

1. c4 Nf6 2. Nc3 c5 3. Nf3 e6 4. e4 Nc6 5. d4 cxd4 6. Nxd4 Bb4 7. Nxc6 bxc6 8. e5 Ne4 9. Qd4 Qa5 10. a3 Nxc3 11. Bd2 Nd5 12. cxd5 Bxd2+ 13. Qxd2 Qxd2+ 14. Kxd2 exd5 15. f4 a5 16. Bd3 Ba6 17. Bc2 Ke7 18. Rhe1 d6 19. Re3 Rab8 20. b3 d4 21. exd6+ Kxd6 22. Re5 Rb5 23. Rae1 Rhb8 24. Re7 R5b7 25. R7e5 Rxb3 26. Bxb3 Rxb3 27. Rxa5 Bc4 28. Re8 Rb2+ 29. Kc1 Rxg2 30. Rd8+ Kc7 31. Rxd4 Bd5 32. h4 Rg4 33. Ra7+ Kb6 34. Re7 Rxh4 35. Rb4+ Kc5 36. Re3 Rh2 37. Rc3+ Kd6 38. a4 h5 39. Ra3 Kc5 40. Rb8 h4 41. a5 Rh1+ 42. Kd2 Rh2+ 43. Ke1 Rh1+ 44. Kd2 Rh2+ 45. Kc3 Rh3+ 46. Kb2 Rh2+ 47. Ka1 Rh1+ 48. Rb1 Rxb1+ 49. Kxb1 Kb4 50. Kb2 h3 51. a6 h2 52. a7 h1=Q 53. a8=Q Qg2+ 54. Kc1 Qf1+ 55. Kd2 Qxf4+ 56. Ke2 Bc4+ 57. Ke1 Qf1+ 58. Kd2 Qe2+ 59. Kc1 Qe1+ 60. Kc2 Qe4+ 61. Kc1 Qf4+ 62. Kc2 Qf2+ 63. Kc1 Qe1+ 64. Kc2 Qe2+ 65. Kc1 Qf1+ 66. Kc2 Qf5+ 67. Kc1 Qg5+ 68. Kc2 Qg6+ 69. Kc1 Qh6+ 70. Kc2 Qh2+ 71. Kc1 Qg1+ 72. Kc2 Qf2+ 73. Kc1 Qf4+ 74. Kc2 Qe4+ 75. Kc1 Bb5 76. Qa5+ Kc5 77. Rc3+ Kd5 78. Qd8+ Ke6 79. Qe8+ Kf5 80. Qxf7+ Ke5 81. Qxg7+ Kd5 82. Qd7+ Ke5 83. Qe7+ Kf5 84. Rc5+ Kf4 85. Qg5+ Kf3 86. Rc3+ Bd3 87. Qd2 1-0


[Site "https://www.chess.com"]

[Event "Titled Tuesday Blitz November 29 Early 2022"]
[White "Saravana, Krishnan P."]
[Black "Kuchava, Ana"]
[WhiteFideId "5018382"]
[BlackFideId "13605348"]
[WhiteElo "2155"]
[BlackElo "2001"]
[Result "1-0"]
[Round "07"]
[TimeControl "180+1"]
[Date "2022.11.30"]
[WhiteClock "0:01:19"]
[BlackClock "0:00:55"]

1. d4 d5 2. c4 dxc4 3. e3 Nf6 4. Bxc4 c5 5. Nf3 e6 6. Nc3 Nc6 7. O-O cxd4 8. exd4 Be7 9. Qe2 O-O 10. Rd1 Nb4 11. Bg5 h6 12. Bh4 Nfd5 13. Bg3 Bf6 14. Ne5 Bd7 15. Ne4 Be7 16. Nc5 Bc6 17. a3 Bxc5 18. dxc5 Na6 19. Bxa6 bxa6 20. Nxc6 Qc8 21. Rxd5 Qxc6 22. Rdd1 Qxc5 23. Bd6 Qb5 24. Qxb5 axb5 25. Bxf8 Kxf8 26. Rd7 Ke8 27. Rad1 Rc8 28. Rxa7 Rc2 29. g3 Rxb2 30. Rdd7 b4 31. Re7+ Kd8 32. Reb7 Kc8 33. Rxb4 1-0


[Site "https://www.chess.com"]

[Event "Titled Tuesday Blitz November 29 Early 2022"]
[White "Sellitti, Federico"]
[Black "Kosakowski, Jakub"]
[WhiteFideId "821829"]
[BlackFideId "1185080"]
[WhiteElo "2606"]
[BlackElo "2463"]
[Result "1-0"]
[Round "07"]
[TimeControl "180+1"]
[Date "2022.11.30"]
[WhiteClock "0:00:08"]
[BlackClock "0:00:01"]

1. e4 c6 2. d4 d5 3. exd5 cxd5 4. Bd3 Nc6 5. c3 Qc7 6. Ne2 Bg4 7. O-O e6 8. Qe1 Nf6 9. Bf4 Bd6 10. Bxd6 Qxd6 11. Na3 O-O 12. Ng3 e5 13. Nb5 Qb8 14. dxe5 Nxe5 15. Bf5 a6 16. Nd4 Re8 17. Qd2 h5 18. Qg5 Ne4 19. Bxe4 dxe4 20. Nxe4 Ng6 21. Rae1 Re5 22. Qd2 Qe8 23. f3 Bd7 24. Nd6 Qe7 25. Rxe5 Nxe5 26. Ne4 Rd8 27. Qe2 f5 28. Ng3 Qc5 29. Re1 Nc6 30. Qf2 g6 31. Nge2 Re8 32. Qg3 Kh7 33. h4 Ne5 34. Nf4 Qd6 35. Re3 Nc4 36. Rxe8 Bxe8 37. b3 Ne3 38. Nxh5 Qe7 39. Nf4 Nd1 40. Nde6 Nxc3 41. h5 g5 42. Nxg5+ Kh6 43. Nge6 Ne2+ 44. Nxe2 Qxe6 45. Nf4 Qe5 46. Kh2 a5 47. Ng6 Qf6 48. Nf4 Qe5 49. Ng6 Qf6 50. Qf4+ Kg7 51. g4 Bxg6 52. hxg6 Qb2+ 53. Kg3 fxg4 54. Qf7+ Kh6 55. Qh7+ Kg5 56. f4+ Kf5 57. Qf7+ Ke4 58. Qe6+ Kd3 59. Qd5+ Ke3 60. Qe5+ 1-0


[Site "https://www.chess.com"]

[Event "Titled Tuesday Blitz November 29 Early 2022"]
[White "Sengupta, Deep"]
[Black "Jimenez, Joaquin"]
[WhiteFideId "5008352"]
[BlackFideId "109860"]
[WhiteElo "2397"]
[BlackElo "2163"]
[Result "1/2-1/2"]
[Round "07"]
[TimeControl "180+1"]
[Date "2022.11.30"]
[WhiteClock "0:00:20"]
[BlackClock "0:01:06"]

1. Nf3 Nf6 2. c4 g6 3. Nc3 Bg7 4. e4 d6 5. d4 O-O 6. Be2 e5 7. d5 a5 8. h3 h6 9. Be3 Nbd7 10. Qc2 Kh7 11. Nd2 Nc5 12. O-O Ne8 13. Nb3 b6 14. Nxc5 bxc5 15. Bd3 f5 16. f4 exf4 17. Bxf4 Bd4+ 18. Kh1 Ng7 19. Ne2 Qf6 20. Nxd4 Qxd4 21. Rae1 Rb8 22. b3 a4 23. e5 axb3 24. axb3 dxe5 25. Bxe5 Qh4 26. Bxc7 Ra8 27. Bd6 Rf7 28. Bxc5 Nh5 29. Bf2 Qg5 30. Be2 f4 31. Bf3 Bf5 32. Qd1 Ng3+ 33. Bxg3 Qxg3 34. Bg4 Ra2 35. Qf3 Qxf3 36. Bxf3 g5 37. d6 Kg6 38. c5 h5 39. c6 g4 40. Be4 Kg5 41. Bxf5 Rxf5 42. d7 f3 43. d8=Q+ Kf4 44. Qd6+ Kg5 45. Qe7+ Kf4 46. Qe3+ Kg3 47. gxf3 Rh2+ 48. Kg1 Rg2+ 49. Kh1 Rh2+ 50. Kg1 Rg2+ 51. Kh1 Rh2+ 1/2-1/2


[Site "https://www.chess.com"]

[Event "Titled Tuesday Blitz November 29 Early 2022"]
[White "Sethuraman, S.P."]
[Black "Sokolovsky, Yahli"]
[WhiteFideId "5021596"]
[BlackFideId "2820242"]
[WhiteElo "2545"]
[BlackElo "2316"]
[Result "1-0"]
[Round "07"]
[TimeControl "180+1"]
[Date "2022.11.30"]
[WhiteClock "0:01:22"]
[BlackClock "0:00:02"]

1. e4 g6 2. d4 Bg7 3. Nc3 d6 4. Be3 a6 5. h4 h5 6. f3 b5 7. Qd2 Bb7 8. Nh3 Nd7 9. Ng5 Rc8 10. a4 b4 11. Bc4 e6 12. Ne2 a5 13. Nf4 Nb6 14. Bb3 d5 15. Qd3 Qf6 16. Qb5+ Kf8 17. Qxa5 Qe7 18. Ngxe6+ Qxe6 19. Nxe6+ fxe6 20. Qxb4+ Kf7 21. a5 Bf8 22. Qb5 Ra8 23. O-O Ba6 24. Qc6 Bxf1 25. Qxc7+ Be7 26. Qxb6 Bc4 27. Bxc4 dxc4 28. d5 exd5 29. exd5 Nf6 30. Qe6+ Kf8 31. d6 Bd8 32. a6 Kg7 33. Bd4 Rf8 34. a7 Rf7 35. Qd5 Raxa7 36. Rxa7 Rxa7 37. Qxc4 Rd7 38. Qe6 Rb7 39. b3 Rb4 40. Qd7+ 1-0


[Site "https://www.chess.com"]

[Event "Titled Tuesday Blitz November 29 Early 2022"]
[White "Shapiro, Daniel"]
[Black "Petrova, Irina"]
[WhiteFideId "2001780"]
[BlackFideId "14124122"]
[WhiteElo "2316"]
[BlackElo "2023"]
[Result "1-0"]
[Round "07"]
[TimeControl "180+1"]
[Date "2022.11.30"]
[WhiteClock "0:00:47"]
[BlackClock "0:01:17"]

1. d4 d6 2. e4 Nf6 3. Nc3 e5 4. Nge2 Nc6 5. h3 Be7 6. Be3 O-O 7. g4 exd4 8. Nxd4 Bd7 9. Nde2 Re8 10. Bg2 Bf8 11. Ng3 Ne5 12. g5 Nc4 13. gxf6 Nxe3 14. fxe3 Qxf6 15. Qf3 Qh4 16. O-O-O c6 17. Qf4 Qe7 18. Rhf1 b5 19. Nce2 c5 20. Nf5 Bxf5 21. exf5 Qxe3+ 22. Qxe3 Rxe3 23. Bxa8 Rxe2 24. Rde1 Re5 25. Rxe5 dxe5 26. Rd1 g6 27. f6 e4 28. Rd7 e3 29. Kd1 h5 30. Bd5 1-0


[Site "https://www.chess.com"]

[Event "Titled Tuesday Blitz November 29 Early 2022"]
[White "Shuvalov, Evgenij"]
[Black "Fernandez Siles, Luis"]
[WhiteFideId "4187237"]
[BlackFideId "2209420"]
[WhiteElo "2049"]
[BlackElo "2186"]
[Result "1-0"]
[Round "07"]
[TimeControl "180+1"]
[Date "2022.11.30"]
[WhiteClock "0:00:16"]
[BlackClock "0:00:03"]

1. d4 Nf6 2. c4 g6 3. Nc3 Bg7 4. e4 d6 5. Nf3 O-O 6. Be2 c5 7. O-O Nc6 8. d5 Na5 9. Nd2 b6 10. Qc2 e5 11. a3 Nd7 12. b4 Nb7 13. Bd3 Qh4 14. Nf3 Qh5 15. Be2 Nf6 16. Ng5 Bg4 17. Bxg4 Qxg4 18. h3 Qd7 19. Nf3 Nh5 20. Rb1 h6 21. Re1 Nf4 22. Bxf4 exf4 23. e5 dxe5 24. Nxe5 Bxe5 25. Rxe5 f3 26. Qd2 Kg7 27. Rbe1 Rae8 28. Qe3 Nd6 29. Qxf3 Rxe5 30. Rxe5 cxb4 31. axb4 Nxc4 32. Re1 Nd6 33. Ne4 Nxe4 34. Qxe4 Qd6 35. b5 Rd8 36. Rd1 Rd7 37. g3 Re7 38. Qd4+ Qf6 39. d6 Rd7 40. Qd5 Qf5 41. Qxf5 gxf5 42. Kg2 Kf6 43. Kf3 Ke6 44. Re1+ Kf6 45. Rd1 Ke6 46. Re1+ Kxd6 47. Rd1+ Ke6 48. Rxd7 Kxd7 49. Kf4 Ke6 50. h4 Kf6 51. h5 Ke6 52. f3 Kf6 53. g4 fxg4 54. fxg4 Ke6 55. g5 hxg5+ 56. Kxg5 f5 57. h6 f4 58. h7 f3 59. h8=Q 1-0


[Site "https://www.chess.com"]

[Event "Titled Tuesday Blitz November 29 Early 2022"]
[White "Silva, Miguel Antonio Neto"]
[Black "Zaichenko, Daria"]
[WhiteFideId "1911929"]
[BlackFideId "4197453"]
[WhiteElo "2223"]
[BlackElo "2039"]
[Result "1-0"]
[Round "07"]
[TimeControl "180+1"]
[Date "2022.11.30"]
[WhiteClock "0:00:24"]
[BlackClock "0:00:18"]

1. c4 e6 2. Nf3 d5 3. d4 Be7 4. g3 Nf6 5. Bg2 O-O 6. O-O dxc4 7. Qc2 a6 8. Qxc4 b5 9. Qc2 Bb7 10. Bd2 Ra7 11. Rc1 Be4 12. Qd1 Nc6 13. e3 Nb4 14. Bxb4 Bxb4 15. Nc3 Bxc3 16. Rxc3 Nd5 17. Rc5 Nb4 18. Qd2 a5 19. Rxb5 Nd3 20. Ne1 Bxg2 21. Nxg2 c6 22. Rb3 Nc5 23. Ra3 Ne4 24. Qc2 Nd6 25. Qxc6 Rc7 26. Qf3 Nc4 27. Ra4 Nxb2 28. Rxa5 Rc1+ 29. Rxc1 Qxa5 30. Ra1 Nc4 31. Nf4 Qc3 32. Rd1 Qc2 33. Qe2 Qxe2 34. Nxe2 Ra8 35. Rc1 Nd2 36. Rc2 Ne4 37. f3 Nf6 38. e4 g5 39. Kf2 g4 40. Ke3 gxf3 41. Kxf3 Ra3+ 42. Nc3 Kg7 43. h3 h5 44. Ke3 Kg6 45. Kd3 h4 46. g4 Kg5 47. Kc4 Ra6 48. a4 Kf4 49. Kb5 Rd6 50. e5 Rxd4 51. exf6 Kg3 52. Ne2+ Kxh3 53. Nxd4 Kxg4 54. Nxe6 h3 55. Nd8 1-0


[Site "https://www.chess.com"]

[Event "Titled Tuesday Blitz November 29 Early 2022"]
[White "Simonovic, Miroslav"]
[Black "Manon, Reja Neer"]
[WhiteFideId "919152"]
[BlackFideId "10224009"]
[WhiteElo "2043"]
[BlackElo "1942"]
[Result "0-1"]
[Round "07"]
[TimeControl "180+1"]
[Date "2022.11.30"]
[WhiteClock "0:00:10"]
[BlackClock "0:00:02"]

1. d4 Nf6 2. Bg5 g6 3. Bxf6 exf6 4. c4 f5 5. Nc3 Bg7 6. g3 d6 7. Bg2 O-O 8. e3 c6 9. Nge2 Be6 10. Qd3 d5 11. cxd5 cxd5 12. O-O Nc6 13. Nf4 Ne7 14. Qb5 Qd6 15. Nfxd5 Nxd5 16. Bxd5 a6 17. Qb3 b5 18. a3 g5 19. f4 h6 20. Rad1 Rac8 21. Bxe6 fxe6 22. d5 e5 23. fxg5 hxg5 24. e4 f4 25. Ne2 g4 26. gxf4 exf4 27. Nd4 Rc4 28. Ne6 Rf7 29. Qd3 Be5 30. Kh1 f3 31. Qe3 Bf4 32. Qf2 Rxe4 33. Qh4 Be3 34. Qg5+ Bxg5 35. Nxg5 Rh7 36. Nxe4 Qxh2# 0-1


[Site "https://www.chess.com"]

[Event "Titled Tuesday Blitz November 29 Early 2022"]
[White "Stijve, Theo"]
[Black "Matveeva, Olga"]
[WhiteFideId "1331132"]
[BlackFideId "24107018"]
[WhiteElo "2256"]
[BlackElo "2055"]
[Result "1-0"]
[Round "07"]
[TimeControl "180+1"]
[Date "2022.11.30"]
[WhiteClock "0:01:14"]
[BlackClock "0:00:52"]

1. c4 e6 2. Nc3 d5 3. d4 Nf6 4. cxd5 exd5 5. Bg5 Be7 6. e3 c6 7. Bd3 Nbd7 8. Nge2 Nh5 9. Bxe7 Qxe7 10. Qc2 g6 11. h3 Nhf6 12. O-O-O Nb6 13. Kb1 Be6 14. Rc1 O-O-O 15. Qb3 Kb8 16. a4 Ne4 17. Bxe4 dxe4 18. Qc2 f5 19. Nf4 Bf7 20. a5 Nc4 21. Qa4 Nd2+ 22. Ka1 Nb3+ 23. Kb1 Nxc1 24. Rxc1 g5 25. Nfe2 Qe6 26. a6 b6 27. d5 cxd5 28. Nd4 Qd6 29. Ncb5 Qd7 30. Rc7 1-0


[Site "https://www.chess.com"]

[Event "Titled Tuesday Blitz November 29 Early 2022"]
[White "Sukandar, Irine Kharisma"]
[Black "Lauridsen, Jesper Morch"]
[WhiteFideId "7101937"]
[BlackFideId "1401890"]
[WhiteElo "2301"]
[BlackElo "2271"]
[Result "1-0"]
[Round "07"]
[TimeControl "180+1"]
[Date "2022.11.30"]
[WhiteClock "0:01:06"]
[BlackClock "0:00:10"]

1. e4 c5 2. Nc3 a6 3. g3 b6 4. Bg2 Bb7 5. Nge2 e6 6. d4 cxd4 7. Nxd4 Nc6 8. O-O Be7 9. Be3 Ne5 10. Nf3 Nc4 11. Bd4 f6 12. b3 Na5 13. Na4 Nc6 14. Bxb6 Qb8 15. Nd4 Nh6 16. c4 O-O 17. Ne2 Ne5 18. f4 Neg4 19. h3 Bc6 20. Rb1 Bxa4 21. bxa4 Qxb6+ 22. Rxb6 Bc5+ 23. Kh1 Ne3 24. Qxd7 Bxb6 25. Qxe6+ Nf7 26. Qxb6 Nxf1 27. Bxf1 Rfb8 28. Qc6 Ra7 29. Nc3 Kh8 30. c5 h6 31. Bc4 Nd8 32. Qe8+ Kh7 33. Bg8+ 1-0


[Site "https://www.chess.com"]

[Event "Titled Tuesday Blitz November 29 Early 2022"]
[White "Szpar, Milosz"]
[Black "Paravyan, David"]
[WhiteFideId "1184989"]
[BlackFideId "4194985"]
[WhiteElo "2422"]
[BlackElo "2546"]
[Result "0-1"]
[Round "07"]
[TimeControl "180+1"]
[Date "2022.11.30"]
[WhiteClock "0:00:05"]
[BlackClock "0:01:35"]

1. e4 e5 2. Nf3 Nf6 3. Nxe5 d6 4. Nf3 Nxe4 5. Nc3 Nxc3 6. dxc3 Be7 7. Be3 O-O 8. Qd2 Nd7 9. O-O-O c6 10. h4 d5 11. Bd3 Re8 12. h5 Nc5 13. h6 g6 14. Rde1 Nxd3+ 15. Qxd3 Bf5 16. Qd2 Bf8 17. Bg5 Qd7 18. Nd4 Rxe1+ 19. Rxe1 Re8 20. Rxe8 Qxe8 21. Nxf5 gxf5 22. f3 f6 23. Bf4 Qh5 24. Qe1 Kf7 25. b3 Bxh6 26. Bxh6 Qxh6+ 27. Kb2 Qh2 28. Qf2 b6 29. b4 h5 30. a4 h4 31. Qf1 Kg6 32. a5 bxa5 33. bxa5 Qb8+ 34. Kc1 Qb5 35. Qf2 Qxa5 36. Qxh4 Qxc3 37. Qg3+ Kf7 38. Qc7+ Ke6 39. Qc8+ Kd6 40. Qb8+ Kd7 41. Qb7+ Ke6 42. Qc8+ Ke5 43. Qc7+ Kd4 44. Qxa7+ Qc5 45. Qa1+ Ke3 46. Qxf6 d4 47. Qh4 Ke2 48. Qf4 Qa3+ 49. Kb1 Qb4+ 50. Kc1 Qe1+ 51. Kb2 Qc3+ 52. Kc1 Qa1# 0-1


[Site "https://www.chess.com"]

[Event "Titled Tuesday Blitz November 29 Early 2022"]
[White "Szyszylo, Rafal"]
[Black "Bowden, Karl"]
[WhiteFideId "1109626"]
[BlackFideId "400548"]
[WhiteElo "1981"]
[BlackElo "2491"]
[Result "1/2-1/2"]
[Round "07"]
[TimeControl "180+1"]
[Date "2022.11.30"]
[WhiteClock "0:00:12"]
[BlackClock "0:00:12"]

1. e4 e5 2. Nf3 d5 3. Nxe5 Bd6 4. d4 dxe4 5. Nc4 Nc6 6. Nxd6+ Qxd6 7. c3 Bf5 8. Be3 Nge7 9. Be2 Rd8 10. Qa4 O-O 11. Nd2 a6 12. O-O-O b5 13. Qc2 Nd5 14. g4 Bg6 15. h4 h6 16. h5 Bh7 17. Rdg1 f6 18. Bf1 Rfe8 19. Bg2 Nf4 20. Nf1 Nd3+ 21. Kb1 a5 22. Ng3 a4 23. Nf5 Qd5 24. Bf1 Ncb4 25. cxb4 Nxb4 26. Qc5 Qxa2+ 27. Kc1 Qa1+ 28. Kd2 Qxb2+ 29. Kd1 Na2 30. Qc2 Nc3+ 31. Kd2 Nb1+ 32. Kd1 Nc3+ 33. Kd2 Nb1+ 34. Kd1 Nc3+ 1/2-1/2


[Site "https://www.chess.com"]

[Event "Titled Tuesday Blitz November 29 Early 2022"]
[White "Tarlabasi, Emirhan"]
[Black "Kuznetsov, Mikhail"]
[WhiteFideId "6350275"]
[BlackFideId "4117190"]
[WhiteElo "2200"]
[BlackElo "1981"]
[Result "1-0"]
[Round "07"]
[TimeControl "180+1"]
[Date "2022.11.30"]
[WhiteClock "0:02:42"]
[BlackClock "0:01:33"]

1. Nf3 Nf6 2. c4 g6 3. b3 d5 4. Bb2 Bg7 5. g3 O-O 6. Bg2 c5 7. cxd5 Qxd5 8. O-O Nc6 9. Ne5 Qd6 10. Nxc6 bxc6 11. d3 Be6 12. Nd2 Bd5 13. Nc4 Qd7 14. Ne5 Qd6 15. Nc4 Qd7 16. Rc1 Bxg2 17. Kxg2 Nd5 18. Bxg7 Kxg7 19. Qc2 Nb6 20. f3 Nd5 21. e4 Nb6 22. Rfd1 Qe6 23. Qc3+ f6 24. Ne3 Nd7 25. Qc4 Qxc4 26. Rxc4 Rfd8 27. d4 cxd4 28. Rcxd4 Kf7 29. Rxd7 Rxd7 30. Rxd7 a5 31. Nc4 a4 32. Nb6 axb3 33. Nxa8 bxa2 34. Ra7 c5 35. Rxa2 c4 36. Nb6 c3 37. Rc2 e5 38. Rxc3 f5 39. Nd5 fxe4 40. fxe4 Ke6 41. Rc6+ Kd7 42. Rc7+ Kd6 43. Rxh7 Kc5 44. Rh6 Kd4 45. Rxg6 Kxe4 46. h4 Kf5 47. h5 e4 48. Ne3+ Ke5 49. Rg4 Kd4 50. h6 Kd3 51. h7 Kxe3 52. h8=Q Kd2 53. Qd4+ Ke2 54. Rxe4# 1-0


[Site "https://www.chess.com"]

[Event "Titled Tuesday Blitz November 29 Early 2022"]
[White "Tarnowska, Aleksandra"]
[Black "Ciuffoletti, Paolo"]
[WhiteFideId "1180967"]
[BlackFideId "807630"]
[WhiteElo "1776"]
[BlackElo "2143"]
[Result "1-0"]
[Round "07"]
[TimeControl "180+1"]
[Date "2022.11.30"]
[WhiteClock "0:00:04"]
[BlackClock "0:00:01"]

1. e4 c5 2. Nf3 Nc6 3. Bb5 e6 4. O-O Nge7 5. c3 Ng6 6. d4 cxd4 7. cxd4 d5 8. exd5 exd5 9. Nc3 Be7 10. Re1 O-O 11. h3 Be6 12. Be3 Rc8 13. Rc1 Na5 14. Ne5 Nxe5 15. dxe5 a6 16. Ba4 Nc4 17. Rc2 Nxe3 18. fxe3 Bc5 19. Kh1 Qg5 20. Qf3 Qxe5 21. Rd2 Bd6 22. g4 Bb8 23. Red1 b5 24. Bc2 f5 25. g5 f4 26. exf4 Rxf4 27. Qe2 Qf5 28. Bxf5 Bxf5 29. Rxd5 Bg6 30. Rd7 Rh4 31. Qe6+ Kh8 32. Rd8+ Be8 33. Rxc8 1-0


[Site "https://www.chess.com"]

[Event "Titled Tuesday Blitz November 29 Early 2022"]
[White "Terzi, Alexei"]
[Black "Makhmudov, Shukhrat"]
[WhiteFideId "13505076"]
[BlackFideId "14200775"]
[WhiteElo "2172"]
[BlackElo "2135"]
[Result "1-0"]
[Round "07"]
[TimeControl "180+1"]
[Date "2022.11.30"]
[WhiteClock "0:02:33"]
[BlackClock "0:01:39"]

1. e4 e5 2. Nf3 Nc6 3. d4 exd4 4. Nxd4 Bc5 5. Nb3 Bb6 6. Nc3 Qf6 7. Qe2 Nge7 8. Be3 d6 9. O-O-O O-O 10. f3 Bxe3+ 11. Qxe3 Re8 12. Kb1 a6 13. g4 Be6 14. g5 Qe5 15. f4 Nf5 16. Qf2 1-0


[Site "https://www.chess.com"]

[Event "Titled Tuesday Blitz November 29 Early 2022"]
[White "Timofeev, Artyom"]
[Black "Le, Tuan Minh"]
[WhiteFideId "4140419"]
[BlackFideId "12401153"]
[WhiteElo "2837"]
[BlackElo "3013"]
[Result "1-0"]
[Round "07"]
[TimeControl "180+1"]
[Date "2022.11.30"]
[WhiteClock "0:00:03"]
[BlackClock "0:00:02"]

1. d4 d5 2. Nc3 Nf6 3. Bf4 Bf5 4. e3 a6 5. Nf3 e6 6. Bd3 Bg6 7. Ne5 Bd6 8. h4 Nbd7 9. h5 Bxd3 10. Nxd3 h6 11. Qf3 Qe7 12. O-O-O O-O-O 13. Qg3 Bxf4 14. Nxf4 Kb8 15. Kb1 Nb6 16. Nd3 Nc4 17. b3 Nd6 18. f3 Ka8 19. a4 Rc8 20. Kb2 Nd7 21. e4 c6 22. Qf2 Rhd8 23. e5 Ne8 24. a5 c5 25. dxc5 Nxc5 26. Qd4 Nxd3+ 27. Rxd3 Rc6 28. Na4 Kb8 29. c4 Nc7 30. c5 Nb5 31. Qh4 Qc7 32. Qg3 Qxa5 33. Qxg7 Rdc8 34. Qxh6 Qb4 35. Ra1 Qh4 36. g4 Qh2+ 37. Qd2 Qxe5+ 38. Ka2 d4 39. Re1 Qh8 40. h6 b6 41. Nxb6 R8c7 42. Na4 Ka7 43. g5 e5 44. f4 exf4 45. Qxf4 Nc3+ 46. Nxc3 dxc3 47. Qe3 Kb7 48. Rxc3 Qh7 49. Qd3 Qh8 50. Rc2 Ka7 51. Qe4 Qg8 52. Qd5 Qg6 53. Rc4 Qh5 54. Ka3 Qh2 55. Rf1 Qe2 56. Rxf7 Qe1 57. Rxc7+ Rxc7 58. Ka2 Qe2+ 59. Kb1 Rb7 60. Rc3 Qe1+ 61. Kb2 Qe2+ 62. Rc2 Qf1 63. c6 Rc7 64. Qc5+ Ka8 65. Qc4 Qf8 66. Qxa6+ Kb8 67. Qb6+ Kc8 68. Qc5 Qh8+ 69. Qc3 Qe8 70. Qf6 Kb8 71. Qf4 Ka8 72. Qxc7 Qe4 73. Qb7# 1-0


[Site "https://www.chess.com"]

[Event "Titled Tuesday Blitz November 29 Early 2022"]
[White "Troltenier, Dirk"]
[Black "Adel, Sara"]
[WhiteFideId "4606400"]
[BlackFideId "10616764"]
[WhiteElo "2332"]
[BlackElo "1994"]
[Result "0-1"]
[Round "07"]
[TimeControl "180+1"]
[Date "2022.11.30"]
[WhiteClock "0:00:00"]
[BlackClock "0:01:25"]

1. e4 c6 2. d4 d5 3. exd5 cxd5 4. c4 Nf6 5. Nc3 e6 6. Nf3 dxc4 7. Bxc4 Nc6 8. O-O Be7 9. a3 a6 10. Re1 b5 11. Ba2 Bb7 12. Qd3 Na5 13. Bg5 Nc4 14. Bxc4 bxc4 15. Qxc4 Rc8 16. Qd3 Qb6 17. Ne5 Qxb2 18. Rec1 Nd5 19. Bxe7 Rxc3 20. Qd1 Kxe7 0-1


[Site "https://www.chess.com"]

[Event "Titled Tuesday Blitz November 29 Early 2022"]
[White "Trost, Edvin"]
[Black "Ambartsumova, Karina"]
[WhiteFideId "1729519"]
[BlackFideId "4166299"]
[WhiteElo "2247"]
[BlackElo "2319"]
[Result "1/2-1/2"]
[Round "07"]
[TimeControl "180+1"]
[Date "2022.11.30"]
[WhiteClock "0:00:02"]
[BlackClock "0:00:02"]

1. e4 e5 2. Nf3 Nc6 3. Nc3 Nf6 4. a3 d5 5. exd5 Nxd5 6. Bb5 Nxc3 7. bxc3 Bd6 8. d4 exd4 9. cxd4 O-O 10. O-O Bg4 11. Bxc6 bxc6 12. h3 Bh5 13. Re1 h6 14. Qd3 Bg6 15. Qc3 Qd7 16. Ne5 Bxe5 17. dxe5 Qf5 18. Re2 Rfd8 19. Bb2 Qe6 20. a4 Rd5 21. Rd2 Rad8 22. Rxd5 Rxd5 23. Re1 a5 24. Ba3 Kh7 25. Bc5 Qf5 26. Qxa5 Qxc2 27. Qxc7 Qxc5 28. Qb8 Bc2 29. Qb7 Rd1 30. Rxd1 Bxd1 31. a5 Qb5 32. a6 Bc2 33. f3 Bb3 34. Qc8 Bd5 35. a7 c5 36. Qf5+ g6 37. Qc8 Qc6 38. Qd8 c4 39. e6 fxe6 40. Qe7+ Kg8 41. Qd8+ Kf7 42. Qh8 e5 43. Qxe5 c3 44. Qf4+ Kg7 45. Qe5+ Kf7 46. Qf4+ Ke6 47. Qe3+ Kd7 48. a8=Q Qxa8 49. Qxc3 Qc6 50. Qg7+ Kc8 51. Qxh6 Kb7 52. Qg7+ Kb6 53. Qb2+ Kc7 54. Qg7+ Kb6 55. h4 Qc5+ 56. Kh2 Qd6+ 57. Kh1 Kc6 58. Qc3+ Kd7 59. Qg7+ Kc6 60. Qh8 Bc4 61. Qc8+ Kd5 62. Qb7+ Kd4 63. Qb2+ Kc5 64. Qa3+ Kd5 65. Qa5+ Ke6 66. Qg5 Kf7 67. h5 gxh5 68. Qxh5+ Qg6 69. Qc5 Qe6 70. Qc7+ Kf6 71. Kg1 Bd5 72. Qf4+ Ke7 73. Qh4+ Kd6 74. Qb4+ Ke5 75. Kf2 Kf6 76. Qh4+ Kf7 77. Qh7+ Kf6 78. Qh8+ Kf7 79. Qd8 Bc6 80. Qc7+ Qd7 81. Qf4+ Ke8 82. Qb8+ Kf7 83. Qb4 Qe6 84. Qc3 Qd5 85. Qb2 Bb5 86. Qh8 Qd3 87. Qh5+ Kg7 88. Qg5+ Kf7 89. Qh5+ Kg7 90. Qe5+ Kf7 91. Qc7+ Ke6 92. Qb6+ Kd7 93. Qb7+ Kd6 94. Qb8+ Kc5 95. Qc7+ Kb4 96. Kg3 Qe2 97. Qd6+ Ka4 98. Qd4+ Bc4 99. Kf4 Kb5 100. g4 Qe1 101. Qb2+ Kc6 102. Qf6+ Kb5 103. Kg5 Qd2+ 104. f4 Bd3 105. Qe5+ Kc4 106. Qe6+ Kc3 107. Qe5+ Kc4 108. Kf6 Qg2 109. g5 Kb3 110. Qe6+ Bc4 111. Qb6+ Kc2 112. f5 Qd5 113. Qf2+ Kb3 114. g6 Qd6+ 115. Kg7 Qe7+ 116. Kh6 Qf8+ 117. g7 Qf6+ 118. Kh7 Qf7 119. Qg3+ Kc2 120. Qg2+ Kd3 121. Qh3+ Ke4 122. Qg4+ Ke5 123. Qg3+ Kxf5 124. Qf2+ Kg5 125. Qg2+ Kf5 126. Qc2+ Kg5 127. Qc1+ Kf5 128. Qb1+ Kg5 129. Qg1+ Kf5 130. Qc5+ Kg4 131. Qc8+ Be6 132. Qc5 Qg8+ 133. Kh6 Bf7 134. Qd4+ Kf5 135. Qc5+ Ke6 136. Qe3+ Kd7 137. Qe5 Be6 138. Qb5+ Ke7 139. Qb7+ Kf6 140. Qf3+ Bf5 141. Qc3+ Kf7 142. Qc7+ Kf6 143. Qd6+ Be6 144. Qf4+ Ke7 145. Qf2 Bd5 146. Qc5+ Ke6 147. Qb6+ Ke5 148. Qe3+ Kd6 149. Qf4+ Kd7 150. Qf8 Qe6+ 151. Kg5 Qe5+ 152. Kh4 Qe4+ 153. Kg5 Qe3+ 154. Kg4 Qe6+ 155. Kg3 Qe5+ 156. Kf2 Qd4+ 157. Kg3 Qe3+ 158. Kh4 Qe4+ 159. Kg5 Qe5+ 160. Kh6 Qe6+ 161. Kg5 Qe5+ 1/2-1/2


[Site "https://www.chess.com"]